AoeStats
← Mih Imperatore

Migration

510098885Analyzed
1v1 RM · 3d ago on Sep 29, 2026· 30m 50s· 2 players
Game mode
Random Map
Map size
132×132
Population
200
Speed
Normal
Resources
Standard
Victory
Conquest
Starting age
Dark Age
Ending age
Imperial Age
RankedLock teamsTeams togetherTeam positionsShared explorationLock speedFull tech treeHidden civsTurbo modeCheats
Victory
Defeat
🇷🇴 Japanese · Romania
1103
+14
🇪🇸 Dravidians · Spain
1058
-14
Mih Imperatore
10:58 Loom
12:43 Feudal Age
14:12 Double-Bit Axe
14:23 Gold Mining
16:22 Fletching
16:51 Fishing Lines
20:00 Castle Age
20:09 Demolition Ship
21:03 Medium Warships
20:48 Gillnets
21:14 Bow Saw
21:40 Gold Shaft Mining
24:02 Stone Mining
25:36 Bodkin Arrow
30:48 Forging
30:38 Scale Mail Armor
chavo
12:01 Feudal Age
11:42 Loom
13:27 Double-Bit Axe
16:15 Castle Age
14:31 Gold Mining
15:44 Fletching
17:19 Medium Warships
17:36 Bow Saw
17:12 Horse Collar
18:27 Bodkin Arrow
Connection lost

Rejoining the realm…

Still unreachable

The connection could not be restored.

Session expired

The server has moved on; the page needs a fresh start.